 Dungeon Crawl Stone Soup version 0.30-a0-1122-g620db56ad9 (webtiles) character file.

Game seed: 325368209427420965

119606 Kenran the Impassioned (level 16, 0/136 HPs)
             Began as a Demonspawn Monk on Apr 21, 2023.
             Was an Elder of Uskayaw.
             Slain by a five-headed hydra (2 damage)
             ... while paralysed by a fenstrider witch
             ... on level 1 of the Swamp on Apr 22, 2023.
             The game lasted 01:11:43 (26061 turns).

Kenran the Impassioned (Demonspawn Monk)           Turns: 26061, Time: 01:11:44

Health: 0/136      AC: 17    Str: 14    XL:     16   Next: 28%
Magic:  28/28      EV:  2    Int: 12    God:    Uskayaw [****..]
Gold:   1250       SH:  0    Dex: 23    Spells: 15/15 levels left

rFire   + . .        a - +4 scimitar (flame)
rCold   . . .        r - +0 buckler
rNeg    + + +        S - +8 chain mail "Uroseph" {Str+3}
rPois   +            s - +0 helmet
rElec   .            f - +0 cloak
rCorr   .            y - +0 pair of gloves
SInv    +            J - +0 pair of boots
Will    +....        T - amulet of regeneration Stlth
                     Z - ring "Xuer" {rF+ rN+++ Str-4 Dex+3 SInv}
HPRegen 4.22/turn    u - ring of poison resistance
MPRegen 0.21/turn

%: no passive effects
@: paralysed, corroded, flying
A: claws 2, repulsion field 2, powered by death 3, spiny 1
a: Renounce Religion, Stomp, Line Pass


You were on level 1 of the Swamp.
You worshipped Uskayaw.
Uskayaw was most pleased with you.
You visited 5 branches of the dungeon, and saw 26 of its levels.
You also visited: Ice Cave.

You collected 2218 gold pieces.
You spent 968 gold pieces at shops.

Inventory:

Hand Weapons
 a - a +4 scimitar of flaming (weapon)
 b - the +10 falchion of Ybeynweb {flame, Will- Str+4}
   (You found it on level 2 of the Lair of Beasts)

   Str:       It affects your strength (+4).
   Will:      It decreases your willpower.
Armour
 d - a scarf of repulsion
 f - a +0 cloak (worn)
 r - a +0 buckler (worn)
 s - a +0 helmet (worn)
 y - a +0 pair of gloves (worn)
 J - a +0 pair of boots (worn)
 S - the +8 chain mail "Uroseph" (worn) {Str+3}
   (You found it on level 12 of the Dungeon)

   Str:       It affects your strength (+3).
 W - a +0 plate armour of fire resistance
Jewellery
 u - a ring of poison resistance (right hand)
 v - an amulet of guardian spirit
 K - a +4 ring of protection
 T - an amulet of regeneration (around neck)
 Z - the ring "Xuer" (left hand) {rF+ rN+++ Str-4 Dex+3 SInv}
   (You bought it in a shop on level 14 of the Dungeon)

   [ring of see invisible]

   Str:       It affects your strength (-4).
   Dex:       It affects your dexterity (+3).
   rF:        It protects you from fire.
   rN:        It renders you almost immune to negative energy.
   SInv:      It lets you see invisible.
Wands
 i - a wand of iceblast (20)
 j - a wand of flame (16)
 D - a wand of paralysis (13)
 G - a wand of digging (2)
 I - a wand of polymorph (8)
 M - a wand of mindburst (7)
 V - a wand of quicksilver (17)
Scrolls
 h - 7 scrolls of enchant weapon
 k - 6 scrolls of teleportation
 l - 6 scrolls of immolation {!r}
 o - 2 scrolls of silence
 p - 4 scrolls of identify {@r1}
 q - 5 scrolls of fear
 t - 4 scrolls of fog
 w - 4 scrolls of amnesia
 z - 3 scrolls of magic mapping
 B - 5 scrolls of enchant armour
 C - 4 scrolls of torment {!r}
 R - 5 scrolls of vulnerability {!r}
 U - 3 scrolls of blinking
Potions
 c - 5 potions of ambrosia
 e - 3 potions of lignification {!q}
 g - 16 potions of curing {@q1}
 m - 2 potions of heal wounds {@q2}
 n - a potion of berserk rage {!q}
 A - 4 potions of flight
 E - 4 potions of might
 F - 2 potions of attraction {!q}
 H - 2 potions of brilliance
 L - 5 potions of resistance
 N - 2 potions of haste
 O - a potion of mutation {!q}
 P - 2 potions of cancellation
 Q - 2 potions of magic
Miscellaneous
 X - a lightning rod (4/4)
 Y - a phial of floods


   Skills:
 - Level 15.0 Fighting
 - Level 15.0 Long Blades
 - Level 10.0 Armour
 + Level 9.9 Dodging
 - Level 4.0 Shields
 - Level 17.0 Invocations
 - Level 5.0 Evocations


You had 15 spell levels left.
You didn't know any spells.
Your spell library contained the following spells:

 Spells                   Type           Power      Damage    Failure   Level
 Magic Dart               Conj           0%         1d3       99%         1
 Necrotise                Necr           0%         1d4       99%         1
 Summon Small Mammal      Summ           0%         N/A       99%         1
 Call Imp                 Summ           0%         N/A       100%        2
 Lesser Beckoning         Tloc           0%         N/A       100%        2
 Searing Ray              Conj           0%         2d4       100%        2
 Static Discharge         Conj/Air       0%         2-2/arc   100%        2
 Call Canine Familiar     Summ           0%         N/A       100%        3
 Dazzling Flash           Conj/Hex       0%         N/A       100%        3
 Gell's Gravitas          Tloc           0%         N/A       100%        3
 Inner Flame              Hex/Fire       0%         N/A       100%        3
 Mephitic Cloud           Conj/Pois/Air  0%         N/A       100%        3
 Summon Guardian Golem    Hex/Summ       0%         N/A       100%        3
 Teleport Other           Tloc           0%         N/A       100%        3
 Vampiric Draining        Necr           0%         2d6       100%        3
 Volatile Blastmotes      Fire/Tloc      0%         2d10      100%        3
 Airstrike                Air            0%         2d(0-16)  100%        4
 Fulminant Prism          Conj/Hex       0%         3d5       100%        4
 Iskenderun's Mystic Bla  Conj/Tloc      0%         2d3       100%        4
 Olgreb's Toxic Radiance  Pois           0%         N/A       100%        4
 Petrify                  Tmut/Erth      0%         N/A       100%        4
 Summon Lightning Spire   Summ/Air       0%         N/A       100%        4
 Agony                    Necr           0%         N/A       100%        5
 Metabolic Englaciation   Hex/Ice        0%         N/A       100%        5
 Yara's Violent Unravell  Hex/Tmut       0%         3d3       100%        5
 Starburst                Conj/Fire      0%         6d3       100%        6
 Statue Form              Tmut/Erth      0%         N/A       100%        6
 Enfeeble                 Hex            0%         N/A       100%        7
 Discord                  Hex            0%         N/A       100%        8
 Ignition                 Fire           0%         3d3       100%        8


Dungeon Overview and Level Annotations

Branches:
Dungeon (15/15)            Temple (0/1) D:6            Lair (5/5) D:9
  Swamp (1/4) Lair:3        Snake (3/4) Lair:3        Slime (0/5) Lair:5
    Orc (2/2) D:10            Elf (0/3) Orc:2        Vaults (0/5) D:13
 Depths (0/4) D:15          IceCv (visited)

Altars:
Fedhas
Gozag
Hepliaklqana
Kikubaaqudgha
Nemelex Xobeh
Okawaru
Sif Muna
Trog
Uskayaw
Xom
Yredelemnul
Jiyva

Shops:
D:14 *   Orc:2 *!(!

Annotations:
D:3 exclusion: downstairs
D:9 exclusion: downstairs
D:11 1 runed translucent door, 112233's ghost, journeyman OgFE
D:12 exclusion: downstairs
Lair:3 3 runed translucent doors, Zigma's ghost, journeyman DrMo
Lair:4 3 runed translucent doors, exclusion: downstairs, Duishro's ghost, journeyman DjFE
Snake:2 exclusion: downstairs


Innate Abilities, Weirdness & Mutations

You have very sharp fingernails.
You are surrounded by a moderate repulsion field. (EV +3)
You regenerate a lot of health from kills.
You are partially covered in sharp spines.


Message History

Unknown command.
The fenstrider witch attacks as you move away!
You block the fenstrider witch's attack.
The fenstrider witch kicks you but does no damage.
You feel sick.
You are no longer poisoned.
The goliath frog hits you from afar!
* * * LOW HITPOINT WARNING * * *
You are splashed with acid!
* * * LOW HITPOINT WARNING * * *
The fenstrider witch attacks as you move away!
The fenstrider witch misses you. The fenstrider witch barely misses you.
The fenstrider witch points at you and mumbles some strange words.
The toxic sludge hits you!
You are poisoned.
You partially resist.
* * * LOW HITPOINT WARNING * * *
You block the goliath frog's attack.
You feel better. You block the goliath frog's attack.
The goliath frog misses you.
The fenstrider witch gestures at you while chanting.
You suddenly lose the ability to move!
The goliath frog hits you but does no damage.
The goliath frog hits you from afar!
* * * LOW HITPOINT WARNING * * *
You are splashed with acid!
* * * LOW HITPOINT WARNING * * *
The fenstrider witch points at you and mumbles some strange words.
Your body is wracked with pain!
* * * LOW HITPOINT WARNING * * *
The goliath frog hits you from afar.
* * * LOW HITPOINT WARNING * * *
The acid corrodes you!
You are splashed with acid!
* * * LOW HITPOINT WARNING * * *
The five-headed hydra bites you but does no damage.
The five-headed hydra bites you.
* * * LOW HITPOINT WARNING * * *
The five-headed hydra barely misses you.
The five-headed hydra bites you.
You die...

♣♣ ♣♣♣ . ..~~.♣♣
♣.♣§..♣♣ ♣.♣.~.~ ♣
♣♣§~~~~ .♣ ♣§§§§~
~§♣ ♣@§§§♣~~>♣
♣HD§§~~.[♣
♣♣FwF§§§~♣
♣§§§§§~§.♣ .
♣~§§♣.§..♣ .. ♣
♣~~~§.~~.♣
.P.♣~♣♣♣♣.~w~.~§.♣
.~P.F~.♣~..§.....♣
~~......†.♣§~~~.♣♣


You could see a five-headed hydra (poisoned), a fenstrider witch, a tyrant leech
and 2 goliath frogs.

Vanquished Creatures
  Agnes (Snake:1)
  Donald (Snake:2)
  A stone giant (D:15)
  A dire elephant (Lair:5)
  A bunyip (Swamp:1)
  2 ettins
  Snorg (D:12)
  A yaktaur captain (D:15)
  2 vault guards (D:13)
  4 hydras
  Harold (D:9)
  Erolcha (D:12)
  2 catoblepae
  The ghost of Yxtef the Carver, a journeyman DsFi of Okawaru (D:15)
  An ogre mage (D:15)
  3 anacondas (Snake:2)
  3 boulder beetles
  10 two-headed ogres
  3 tengu warriors
  5 centaur warriors
  3 naga warriors
  A deep troll shaman (Lair:5)
  A death knight (D:15)
  A naga sharpshooter (Snake:1)
  11 death yaks (Lair:5)
  Urug (D:12)
  3 shock serpents
  Sonja (Lair:5)
  9 orc high priests (Orc:2)
  Nergalle (D:12)
  2 skysharks
  A skeletal warrior (D:9)
  An orb spider (shapeshifter) (D:15)
  2 necromancers (D:13)
  A naga ritualist (Snake:2)
  A wizard (D:13)
  Pikel (D:8)
  A bog body (Swamp:1)
  18 ugly things
  2 orc knights
  2 mana vipers (Snake:2)
  2 deep elf pyromancers
  5 elephants (Lair:5)
  A will-o-the-wisp (Lair:3)
  5 manticores
  3 salamanders
  3 guardian serpents (Snake:2)
  Joseph (D:8)
  3 cyclopes
  2 naga magi
  14 black mambas
  9 cane toads
  2 gargoyles
  A demonic crawler (Lair:2)
  Psyche (D:8)
  2 rime drakes
  A torpor snail (Lair:5)
  3 unseen horrors
  7 komodo dragons
  5 freezing wraiths
  An unseen horror zombie (D:10)
  An efreet (D:13)
  3 kobold demonologists (D:14)
  3 tengu conjurers
  4 meliai
  2 trolls
  2 hornets (D:10)
  2 polar bears
  Grinder (D:4)
  A wolf spider simulacrum (D:15)
  22 blink frogs
  6 dream sheep (Lair:5)
  A jumping spider (shapeshifter) (D:13)
  6 slime creatures
  A centaur simulacrum (D:15)
  2 shadows
  44 yaks
  2 fire bats (Lair:5)
  2 wyverns
  2 wraiths (D:9)
  17 humans (D:13)
  5 basilisks
  A steam dragon (D:8)
  8 vampire mosquitoes
  A harpy simulacrum (IceCv)
  15 nagas
  4 swamp worms
  2 acid dragons
  4 wargs (Orc:2)
  12 water moccasins
  16 orc warriors
  6 black bears
  17 wolves
  A sky beast (D:6)
  12 centaurs
  4 ogres
  3 lemures (D:8)
  4 phantoms
  The ghost of Pascal76 the Trooper, an amateur GrBe of Trog (D:3)
  3 kobold brigands
  3 scorpions
  9 bullfrogs
  6 necrophages (Lair:4)
  2 gnoll sergeants
  A cane toad simulacrum (IceCv)
  A hornet simulacrum (D:15)
  11 wights
  3 killer bees (D:7)
  3 howler monkeys
  An electric eel (D:10)
  The ghost of scienide the Trooper, a weakling GrFi (D:3)
  A lava snake (Lair:5)
  7 centaur zombies (D:10)
  A crimson imp (D:4)
  8 jellies
  31 orc priests
  2 gnoll boudas
  3 hounds
  4 iguanas
  Natasha (thrice) (D:3)
  21 orc wizards
  4 hell rats (Lair:5)
  3 wolf simulacra (IceCv)
  2 howler monkey zombies (D:10)
  26 gnolls
  4 adders
  A shadow imp (D:8)
  A white imp (D:8)
  2 ufetubi (D:6)
  4 worms
  2 dart slugs
  96 orcs
  5 ball pythons
  18 endoplasms
  5 giant cockroaches
  13 goblins
  9 hobgoblins
  4 jackals (D:1)
  4 quokkas (D:1)
  4 bats
  3 frilled lizards
  A goblin skeleton (D:4)
  A hobgoblin zombie (D:4)
  18 kobolds
  2 kobold skeletons (D:4)
  2 kobold zombies (D:4)
  An orc skeleton (D:4)
  4 orc zombies (D:4)
  6 rats
790 creatures vanquished.

Vanquished Creatures (others)
  A wizard (D:4)
  A bush (Lair:5)
  2 foxfires (Lair:3)
  21 fungi
  29 plants
  4 withered plants (D:3)
58 creatures vanquished.

Grand Total: 848 creatures vanquished

Notes
Turn   | Place    | Note
-------+----------+-------------------------------------------
     0 | D:1      | Kenran the Demonspawn Monk began the quest for the Orb.
     0 | D:1      | Reached XP level 1. HP: 18/18 MP: 1/1
   116 | D:1      | Gained mutation: You regenerate a little health from kills.
                  | [demonic ancestry]
   116 | D:1      | Reached XP level 2. HP: 24/24 MP: 2/2
   533 | D:1      | Gained mutation: You regenerate health from kills. [demonic
                  | ancestry]
   533 | D:1      | Reached XP level 3. HP: 28/29 MP: 3/3
  1200 | D:2      | Found a faded altar of an unknown god.
  1207 | D:2      | Prayed at the altar of an unknown god.
  1207 | D:2      | Became a worshipper of Uskayaw the Reveller
  1207 | D:2      | Reached * piety under Uskayaw
  1207 | D:2      | Reached ** piety under Uskayaw
  1813 | D:3      | Gained mutation: You are partially covered in sharp spines.
                  | [demonic ancestry]
  1813 | D:3      | Reached XP level 4. HP: 33/35 MP: 4/4
  1824 | D:3      | Reached *** piety under Uskayaw
  1892 | D:3      | Noticed Natasha
  1895 | D:3      | Killed Natasha
  2021 | D:3      | Noticed Natasha
  2029 | D:3      | Killed Natasha
  2030 | D:3      | Reached skill level 5 in Long Blades
  2061 | D:3      | Gained mutation: You are surrounded by a mild repulsion
                  | field. (EV +2) [demonic ancestry]
  2061 | D:3      | Reached XP level 5. HP: 35/41 MP: 5/5
  2138 | D:3      | Found a runed translucent gate.
  2139 | D:3      | Found a runed translucent gate.
  2139 | D:3      | Found a runed translucent gate.
  2142 | D:3      | Noticed Pascal76's ghost (amateur GrBe)
  2142 | D:3      | Noticed scienide's ghost (weakling GrFi)
  2472 | D:4      | Gained mutation: You have sharp fingernails. [demonic
                  | ancestry]
  2472 | D:4      | Reached XP level 6. HP: 39/47 MP: 3/6
  2473 | D:4      | Reached **** piety under Uskayaw
  2652 | D:4      | Found a bloodstained altar of Trog.
  2653 | D:4      | Noticed a wizard
  2658 | D:4      | Killed a wizard
  2727 | D:4      | Found a shimmering altar of Xom.
  2749 | D:4      | Noticed Grinder
  2809 | D:4      | Paralysed by Grinder for 4 turns
  2918 | D:4      | Killed Grinder
  2919 | D:4      | Reached XP level 7. HP: 28/52 MP: 7/7
  3302 | D:5      | Entered Level 5 of the Dungeon
  3757 | D:5      | Reached XP level 8. HP: 55/58 MP: 8/8
  3866 | D:5      | Found a blossoming altar of Fedhas.
  4120 | D:5      | Reached skill level 1 in Invocations
  4213 | D:5      | Reached skill level 2 in Invocations
  4374 | D:6      | Reached skill level 3 in Invocations
  4442 | D:6      | Reached skill level 4 in Invocations
  4449 | D:6      | Reached ***** piety under Uskayaw
  4452 | D:6      | Reached skill level 10 in Long Blades
  4452 | D:6      | Reached skill level 5 in Invocations
  4512 | D:6      | Found a staircase to the Ecumenical Temple.
  4537 | D:6      | Gained mutation: You are surrounded by a moderate repulsion
                  | field. (EV +3) [demonic ancestry]
  4537 | D:6      | Reached XP level 9. HP: 64/66 MP: 12/12
  4576 | D:6      | Reached skill level 5 in Fighting
  4916 | D:6      | Found an opulent altar of Gozag.
  5311 | D:7      | Reached skill level 1 in Armour
  5552 | D:7      | Found a hazy altar of Hepliaklqana.
  5553 | D:7      | Found an ancient bone altar of Kikubaaqudgha.
  5645 | D:7      | Found a sparkling altar of Nemelex Xobeh.
  6305 | D:8      | Noticed Joseph
  6340 | D:8      | Killed Joseph
  6504 | D:8      | Noticed Pikel
  6527 | D:8      | Killed Pikel
  6528 | D:8      | Reached XP level 10. HP: 76/76 MP: 13/13
  6554 | D:8      | Noticed Psyche
  6828 | D:8      | Killed Psyche
  7170 | D:8      | Found a hide-covered altar of Uskayaw.
  7615 | D:9      | Found a staircase to the Lair.
  7709 | D:9      | Reached skill level 6 in Invocations
  7746 | D:9      | Noticed a two-headed ogre
  7758 | D:9      | Killed a two-headed ogre
  7851 | D:9      | Noticed Harold
  7874 | D:9      | Killed Harold
  7875 | D:9      | Reached skill level 7 in Invocations
  8106 | D:9      | Noticed a skeletal warrior
  8392 | D:9      | Found the +5 scythe "Finisher" {speed, execute}
  8445 | D:9      | Killed a skeletal warrior
  8610 | D:10     | Entered Level 10 of the Dungeon
  8611 | D:10     | Noticed a gargoyle
  8647 | D:9      | Reached skill level 8 in Invocations
  8676 | D:10     | Found an iron altar of Okawaru.
  8705 | D:10     | Reached XP level 11. HP: 86/86 MP: 17/17
  8824 | D:10     | Found a staircase to the Orcish Mines.
  8875 | D:10     | Reached ****** piety under Uskayaw
  8881 | D:10     | Found a basalt altar of Yredelemnul.
  9360 | D:10     | Noticed a two-headed ogre
  9369 | D:10     | Killed a two-headed ogre
  9479 | D:10     | Found a shimmering blue altar of Sif Muna.
  9716 | D:3      | Noticed Natasha
  9721 | D:3      | Killed Natasha
  9781 | D:3      | Killed scienide's ghost
  9786 | D:3      | Killed Pascal76's ghost
  9787 | D:3      | Reached skill level 1 in Evocations
 10005 | Lair:1   | Entered Level 1 of the Lair of Beasts
 10057 | Lair:1   | Reached skill level 9 in Invocations
 10114 | Lair:1   | Reached skill level 10 in Invocations
 10146 | Lair:1   | Noticed a catoblepas
 10155 | Lair:1   | Killed a catoblepas
 10412 | Lair:1   | Reached XP level 12. HP: 94/94 MP: 19/19
 11078 | Lair:2   | Reached skill level 10 in Fighting
 11156 | Lair:2   | Reached skill level 5 in Armour
 11178 | Lair:2   | Reached skill level 5 in Evocations
 11564 | Lair:2   | Identified the +10 falchion of Ybeynweb {flame, Will-
                  | Str+4}
 11972 | Lair:3   | Found a staircase to the Swamp.
 11979 | Lair:3   | Reached skill level 11 in Invocations
 12044 | Lair:3   | Found a staircase to the Snake Pit.
 12074 | Lair:3   | Found a runed translucent gate.
 12075 | Lair:3   | Found a runed translucent gate.
 12077 | Lair:3   | Noticed Zigma's ghost (journeyman DrMo)
 12080 | Lair:3   | Noticed a four-headed hydra
 12420 | Lair:3   | Found a runed translucent gate.
 12840 | Lair:4   | Found a runed translucent gate.
 12852 | Lair:4   | Found a runed translucent gate.
 12852 | Lair:4   | Found a runed translucent gate.
 12853 | Lair:4   | Noticed an acid blob
 12854 | Lair:4   | Noticed an acid blob
 12854 | Lair:4   | Noticed an azure jelly
 12855 | Lair:4   | Noticed an acid blob
 12855 | Lair:4   | Noticed a rockslime
 12855 | Lair:4   | Noticed Duishro's ghost (journeyman DjFE)
 12855 | Lair:4   | Noticed an acid blob
 12855 | Lair:4   | Noticed an acid blob
 12857 | Lair:4   | Noticed a rockslime
 12857 | Lair:4   | Noticed an azure jelly
 12857 | Lair:4   | Noticed an acid blob
 13214 | Lair:4   | Noticed a boulder beetle
 13237 | Lair:4   | Killed a boulder beetle
 13328 | Lair:4   | Reached skill level 12 in Invocations
 13328 | Lair:4   | Gained mutation: You regenerate a lot of health from kills.
                  | [demonic ancestry]
 13328 | Lair:4   | Reached XP level 13. HP: 68/103 MP: 20/22
 13774 | Lair:4   | Found a viscous altar of Jiyva.
 13774 | Lair:4   | Noticed an azure jelly
 13795 | Lair:5   | Entered Level 5 of the Lair of Beasts
 13840 | Lair:5   | Reached skill level 15 in Long Blades
 14641 | Lair:5   | Noticed Sonja
 14650 | Lair:5   | Killed Sonja
 14704 | Lair:5   | Found a viscous altar of Jiyva.
 14704 | Lair:5   | Found a staircase to the Slime Pits.
 15690 | Lair:5   | Reached skill level 13 in Invocations
 16046 | Lair:5   | Reached skill level 5 in Dodging
 16344 | Lair:5   | HP: 1/108 [death yak (21)]
 16351 | Lair:5   | Reached XP level 14. HP: 7/115 MP: 24/24
 16654 | Lair:5   | Identified the ring of the Princeling {rPois rC- rN++ SInv}
 17678 | D:11     | Reached skill level 14 in Invocations
 17906 | D:11     | Found a runed translucent door.
 17908 | D:11     | Identified the +6 trident of Paper {freeze, rF++ Str+3}
 17908 | D:11     | Noticed 112233's ghost (journeyman OgFE)
 18176 | D:12     | Noticed Snorg
 18186 | D:12     | Killed Snorg
 18214 | D:12     | Noticed Erolcha
 18230 | D:12     | Killed Erolcha
 18254 | D:12     | Noticed Urug
 18267 | D:12     | Killed Urug
 18272 | D:12     | Identified the +8 chain mail "Uroseph" {Str+3}
 18309 | D:12     | Noticed Nergalle
 18321 | D:12     | Killed Nergalle
 18428 | D:12     | Found a frozen archway.
 18450 | IceCv    | Entered an ice cave
 19179 | Orc:1    | Entered Level 1 of the Orcish Mines
 19345 | Orc:2    | Entered Level 2 of the Orcish Mines
 19345 | Orc:2    | Found a staircase to the Elven Halls.
 19633 | Orc:2    | Reached skill level 15 in Invocations
 19883 | Orc:2    | Found Jeriyf's Distillery.
 19908 | Orc:2    | Bought a potion of haste for 120 gold pieces
 19913 | Orc:2    | Found Magog's General Store.
 19932 | Orc:2    | Reached skill level 16 in Invocations
 19999 | Orc:2    | Found Hiobli Leda's Antique Weapon Emporium.
 20023 | Orc:2    | Found Roewkuz's Distillery.
 20997 | D:13     | Reached skill level 17 in Invocations
 21475 | D:13     | Gained mutation: You have very sharp fingernails. [demonic
                  | ancestry]
 21475 | D:13     | Reached XP level 15. HP: 123/123 MP: 27/27
 21550 | D:13     | Found a gate to the Vaults.
 22357 | D:14     | Reached skill level 10 in Armour
 22389 | D:14     | Found Itewki's General Store.
 22397 | D:14     | Bought the ring "Xuer" {rF+ rN+++ Str-4 Dex+3 SInv} for 814
                  | gold pieces
 22397 | D:14     | Bought a scroll of identify for 34 gold pieces
 22687 | D:15     | Entered Level 15 of the Dungeon
 22748 | D:15     | Found a staircase to the Depths.
 23147 | D:15     | Found a runed translucent gate.
 23147 | D:15     | Found a runed translucent gate.
 23147 | D:15     | Found a runed translucent gate.
 23151 | D:15     | Noticed Yxtef's ghost (journeyman DsFi)
 23244 | D:15     | Found a gate leading to a gauntlet.
 23318 | D:15     | Identified the +0 flail of Istrauterr {heavy, rF+}
 23484 | D:15     | Reached skill level 15 in Fighting
 23487 | D:15     | Reached skill level 1 in Shields
 23625 | D:15     | Found a runed translucent door.
 23905 | D:15     | Killed Yxtef's ghost
 24123 | Snake:1  | Entered Level 1 of the Snake Pit
 24418 | Snake:1  | Noticed Agnes
 24432 | Snake:1  | Killed Agnes
 24779 | Snake:2  | Reached XP level 16. HP: 135/136 MP: 28/28
 25240 | Snake:2  | Noticed Donald
 25261 | Snake:2  | Killed Donald
 25906 | Snake:2  | Upgraded the game from 0.30-a0-1114-gd936c97349 to
                  | 0.30-a0-1122-g620db56ad9
 26038 | Swamp:1  | Entered Level 1 of the Swamp
 26059 | Swamp:1  | Paralysed by a fenstrider witch for 5 turns
 26060 | Swamp:1  | HP: 2/136 [acid (8)]
 26061 | Swamp:1  | Slain by a five-headed hydra

Illustrated notes

Levels and vault maps discovered:
D:1:      minmay_arrival_up_and_down, layout_loops_corners
D:2:      layout_basic, dilly_ecumenical_altar_fadedgnrine
D:3:      layout_loops_ring, gammafunk_ghost_cemetery, st_stairs_4,
          minmay_checkerbox, uniq_natasha
D:4:      cheibrodos_greedy_goblins, layout_basic, mainiacjoe_overflow_24_doors,
          trog_wizard, nicolae_tso_besieged_by_evil, uniq_grinder
D:5:      layout_gridville, fedhas_altar_3, minmay_starry_boxes
D:6:      layout_cave_pods, mainiacjoe_overflow_catwalk,
          minmay_temple_entry_stoned_glass
D:7:      layout_basic, mainiacjoe_overflow_six_doors_small, minitemple
D:8:      layout_basic, nicolae_uskayaw_suspiria, uniq_pikel, uniq_joseph,
          uniq_psyche
D:9:      layout_rooms, lair_entry_dummy, minmay_guarded_unrand_finisher,
          uniq_harold
D:10:     layout_small_grid, lemuel_crystal_altar, lemuel_crystal_altar,
          lemuel_blue_sif_altar, nicolae_yredelemnul_corpse_copse, orc_0_dummy,
          minmay_crystal_water
D:11:     layout_rooms, ebering_ghost_funeral_grove
D:12:     layout_cross, portal_ice_cave_entry_pillars_1, uniq_urug, uniq_snorg,
          uniq_nergalle, uniq_erolcha
D:13:     layout_rooms, grunt_vaults_entry_tiered, kennysheep_just_a_vault
D:14:     lemuel_slime, layout_irregular_city, serial_shops, shop_statue,
          serial_park_tiny_pond
D:15:     grunt_enter_depths_snipers, layout_loops_cross, grunt_decor_fettered,
          ebering_ghost_rock_garden, gauntlet_entry_generic, wad_hexagon
Lair:1:   layout_gridlike
Lair:2:   layout_chaotic_city, worms_lemuel, infiniplex_staircase_pool
Lair:3:   layout_loops_ring, minmay_swamp_entry_wisps,
          guppyfry_snake_entry_garden, gammafunk_ghost_split
Lair:4:   layout_regular_city, gammafunk_ghost_ooze, roderic_carrion_pond
Lair:5:   grunt_lair_end_beastmaster, layout_gridlike, dpeg_slime_entry_corner,
          nicolae_quartered_pool_impasse, uniq_sonja
Swamp:1:  layout_falls_marsh, nicolae_swamp_fairy_circle
Snake:1:  layout_onion, grunt_megastairs_2, uniq_agnes
Snake:2:  nrook_guardian_serpent_snake_passage, layout_basic, st_stairs_9,
          drop_trap, uniq_donald
Snake:3:  layout_grid_maze, serial_shops, nicolae_shop_getting_attention,
          basic_altar, evilmike_ambush [evilmike_ambush_outer_corners,
          evilmike_ambush_inner_basic], minmay_shop_star, uniq_aizul, uniq_kirke
Orc:1:    layout_caves, minmay_orc_barracks
Orc:2:    st_orc_town, layout_caves

Skill      XL: |  1  2  3  4  5  6  7  8  9 10 11 12 13 14 15 16 |
---------------+-------------------------------------------------+-----
Long Blades    | 3 4 5 6 7 9 10 11 12 14 15 | 15.0
Invocations    | 5 8 10 12 13 17 | 17.0
Fighting       | 4 6 7 8 10 12 13 15 | 15.0
Armour         | 2 3 4 6 7 8 10 | 10.0
Evocations     | 3 5 |  5.0
Dodging        | 3 5 6 7 9 |  9.9
Shields        | 4 |  4.0

Action                     |  1- 3 |  4- 6 |  7- 9 | 10-12 | 13-15 | 16-18 || total
---------------------------+-------+-------+-------+-------+-------+-------++-------
  Melee: Falchion          |    73 |       |       |       |     3 |       ||    76
         Long sword        |    61 |    95 |   104 |       |       |       ||   260
         Scimitar          |       |       |   117 |   547 |  1238 |   124 ||  2026
         Unarmed           |       |       |       |     3 |       |       ||     3
  Evoke: Wand              |       |     2 |     1 |     5 |     3 |     1 ||    12
         Lightning rod     |       |       |       |       |     1 |       ||     1
         Phial of floods   |       |       |       |       |     1 |       ||     1
    Use: Scroll            |     3 |     1 |     5 |     8 |    15 |     2 ||    34
         Potion            |       |       |       |     3 |     3 |     5 ||    11
   Stab: Paralysed         |       |     3 |    17 |    56 |   145 |    15 ||   236
 Armour: Robe              |    29 |    19 |     6 |       |       |       ||    54
         Leather armour    |       |       |    43 |    14 |       |       ||    57
         Chain mail        |       |       |       |   196 |   519 |    37 ||   752
  Dodge: Dodged            |    84 |    53 |   118 |   227 |   600 |    70 ||  1152
  Block: Buckler           |       |       |       |       |    23 |    29 ||    52

Table legend: (Time is in decaauts)
 A = Elapsed time spent in this place.
 B = Non-inter-level travel time spent in this place.
 C = Inter-level travel time spent in this place.
 D = Time resting spent in this place.
 E = Time spent auto-exploring this place.
 F = Levels seen in this place.
 G = Mean time per level.
                   A        B        C        D        E       F      G
               +--------+--------+--------+--------+--------+-----+--------+
         Total |  25584 |  23278 |   2306 |   4004 |  13122 |  27 |  947.6 |
       Dungeon |  14346 |  12872 |   1474 |   1614 |   7497 |  15 |  956.4 |
          Lair |   7605 |   7042 |    563 |   2060 |   3602 |   5 | 1521.0 |
         Swamp |     22 |     22 |      0 |      0 |      0 |   1 |   22.0 |
     Snake Pit |   1820 |   1723 |     97 |    170 |   1103 |   3 |  606.7 |
  Orcish Mines |   1654 |   1484 |    170 |    104 |    914 |   2 |  827.0 |
      Ice Cave |    135 |    135 |      0 |     56 |      5 |   1 |  135.0 |
               +--------+--------+--------+--------+--------+-----+--------+

Top non-repeatable levels by time:
  Lair:5: 3131 daAuts
  Lair:4: 1390 daAuts
    D:15: 1240 daAuts
     D:7: 1233 daAuts
     D:8: 1181 daAuts
 Snake:2: 1174 daAuts
     D:9: 1147 daAuts
  Lair:2: 1145 daAuts
     D:5: 1101 daAuts
     D:3: 1087 daAuts
    D:10: 1009 daAuts
     D:1: 1001 daAuts
   Orc:2: 996 daAuts
  Lair:1: 982 daAuts
  Lair:3: 956 daAuts
